 Dungeon Crawl Stone Soup version 0.29-a0-384-g6960b1960d (webtiles) character file.

Game seed: 14979853250052419655

402 zeratav the Fighter (level 6, -3/61 HPs)
             Began as a Hill Orc Fighter on May 6, 2022.
             Slain by a killer bee (5 damage)
             ... on level 4 of the Dungeon.
             The game lasted 00:05:07 (3587 turns).

zeratav the Fighter (Hill Orc Fighter)              Turns: 3587, Time: 00:05:08

Health: -3/61      AC: 10    Str: 21    XL:     6   Next: 85%
Magic:  6/6        EV:  9    Int:  8    God:
Gold:   89         SH:  4    Dex: 10    Spells: 5/5 levels left

rFire   . . .      SeeInvis .   a - +0 war axe {axe}
rCold   + . .      Faith    .   c - +0 buckler
rNeg    . . .      Spirit   .   b - +0 scale mail
rPois   .          Reflect  .   (no helmet)
rElec   .          Harm     .   g - scarf {repulsion}
rCorr   .          Rampage  .   p - +2 pair of gloves
Will    .....                   (no boots)
Stlth   ..........              (no amulet)
HPRegen 0.20/turn               q - ring of protection from cold
MPRegen 0.10/turn               (no ring)

@: lethally poisoned (-3 -> -8), repel missiles
A: no striking features
a: no special abilities


You were on level 4 of the Dungeon.
You visited 1 branch of the dungeon, and saw 4 of its levels.

You collected 231 gold pieces.
You spent 142 gold pieces at shops.


   Skills:
 - Level 8.0 Fighting
 + Level 5.2 Axes
 - Level 3.2 Armour
 - Level 3.2 Shields


You had 5 spell levels left.
You didn't know any spells.
Your spell library contained the following spells:

 Spells                   Type           Power      Damage    Failure   Level
 Stone Arrow              Conj/Erth      0%         3d7       99%         3
 Animate Armour           Summ/Erth      0%         N/A       100%        4
 Lehudib's Crystal Spear  Conj/Erth      0%         10d2      100%        8

Inventory:

Hand Weapons
 a - a +0 war axe (weapon) {axe}
Armour
 b - a +0 scale mail (worn)
 c - a +0 buckler (worn)
 g - a scarf of repulsion (worn)
   (You found it on level 2 of the Dungeon)
 p - a +2 pair of gloves (worn)
   (You bought it in a shop on level 2 of the Dungeon)
 x - a +1 hat
   (You found it on level 4 of the Dungeon)
 y - a +0 ring mail
   (You took it off an orc on level 4 of the Dungeon)
 z - a +0 ring mail
   (You found it on level 4 of the Dungeon)
Jewellery
 j - a ring of fire
   (You found it on level 1 of the Dungeon)
 q - a ring of protection from cold (left hand)
   (You found it on level 3 of the Dungeon)
 v - a ring of ice
   (You found it on level 3 of the Dungeon)
Scrolls
 f - 4 scrolls of identify {unknown}
 h - a scroll of fog {unknown}
 i - 2 scrolls of enchant weapon {unknown}
 k - 2 scrolls of teleportation {unknown}
 l - 2 scrolls of vulnerability {unknown}
 n - a scroll of silence {unknown}
 r - a scroll of acquirement {unknown}
 u - a scroll of amnesia {unknown}
Potions
 d - a potion of might
 e - a potion of ambrosia
 m - 2 potions of attraction {unknown}
 o - a potion of brilliance {unknown}
 s - a potion of lignification {unknown}
 t - a potion of invisibility {unknown}
 w - a potion of haste {unknown}

Dungeon Overview and Level Annotations

Branches:
Dungeon (4/15)
 Temple: D:4-7

Altars:
Nemelex Xobeh

Shops:
D:2 *[ D:3

*
#############
#....@yyy...#
#.#########<#
#.#
#######.####
##
...........#
#.
########.###
## #.# ♣♣♣##.
###########.##
.♣....#
#..........#.#
♣......


You could see 3 killer bees.


Message History

The killer bee closely misses you. You block the killer bee's attack.
HP[-1]
You take 1 damage, and now have 40/61 hp.
You hit the killer bee.
You kill the killer bee!
You block the killer bee's attack.
The killer bee stings you but does no damage.
You closely miss the killer bee. The killer bee closely misses you.
The killer bee stings you.
HP[-1]
You take 1 damage, and now have 39/61 hp.
You slash the killer bee! You block the killer bee's attack.
The killer bee closely misses you. x2
HP[+1]
You miss the killer bee. The killer bee barely misses you.
The killer bee closely misses you. You block the killer bee's attack.
You miss the killer bee.
The killer bee stings you but does no damage.
The killer bee barely misses you.
You barely miss the killer bee. The killer bee closely misses you.
The killer bee barely misses you. The killer bee closely misses you.
You miss the killer bee. You block the killer bee's attack.
The killer bee barely misses you.
HP[+1]
You hit the killer bee. The killer bee closely misses you.
The killer bee stings you.
You are poisoned.
The killer bee poisons you! The killer bee stings you.
HP[-10]
You take 10 damage, and now have 31/61 hp.
You miss the killer bee.
You feel very sick. The killer bee stings you.
* * * LOW HITPOINT WARNING * * *
The killer bee completely misses you. The killer bee barely misses you.
You miss the killer bee.
You feel sick.
The killer bee stings you but does no damage.
You block the killer bee's attack.
HP[-7]
You take 7 damage, and now have 24/61 hp.
You completely miss the killer bee.
You feel sick.
The killer bee stings you but does no damage.
The killer bee barely misses you. You block the killer bee's attack.
You barely miss the killer bee.
You feel sick. The killer bee closely misses you. The killer bee misses you.
HP[-2]
You take 2 damage, and now have 22/61 hp.
You slash the killer bee!
You kill the killer bee!
You feel sick.
You are no longer poisoned.
The killer bee closely misses you. The killer bee stings you.
* * * LOW HITPOINT WARNING * * *
Your Axes skill increases to level 5!
You barely miss the killer bee.
The killer bee stings you but does no damage.
You block the killer bee's attack. The killer bee completely misses you.
HP[-7]
You take 7 damage, and now have 15/61 hp.
You hit the killer bee. The killer bee closely misses you. x2
HP[+1]
You closely miss the killer bee. The killer bee stings you!
* * * LOW HITPOINT WARNING * * *
You are lethally poisoned!
The killer bee poisons you! You block the killer bee's attack.
HP[-8]
You take 8 damage, and now have 8/61 hp.
It was a potion of ambrosia.
You are confused.
You feel invigorated.
* * * LOW HITPOINT WARNING * * *
You feel very sick.
The killer bee stings you but does no damage.
The killer bee stings you.
* * * LOW HITPOINT WARNING * * *
You are more poisoned.
The killer bee poisons you!
HP[-5]
You take 5 damage, and now have 3/61 hp.
* * * LOW HITPOINT WARNING * * *
You feel very sick.
The killer bee stings you but does no damage.
The killer bee closely misses you.
HP[+1]
* * * LOW HITPOINT WARNING * * *
You feel very sick.
The killer bee stings you but does no damage.
The killer bee barely misses you.
HP[+3]
You regained 3 hp, and now have 7/61 hp.
You feel less invigorated.
You feel less confused.
* * * LOW HITPOINT WARNING * * *
You feel sick. The killer bee barely misses you. The killer bee stings you.
* * * LOW HITPOINT WARNING * * *
HP[-3]
You take 3 damage, and now have 4/61 hp.
* * * LOW HITPOINT WARNING * * *
You feel sick. The killer bee stings you.
You die...

Skill      XL: |  1  2  3  4  5  6 |
---------------+-------------------+-----
Fighting       | 4 6 7 8 |  8.0
Axes           | 5 |  5.2
Armour         | |  3.2
Shields        | |  3.2

Action                   |  1- 3 |  4- 6 || total
-------------------------+-------+-------++-------
Melee: War axe           |   114 |   103 ||   217
  Use: Potion            |       |     1 ||     1
Armor: Scale mail        |    61 |    63 ||   124
Dodge: Dodged            |    64 |    77 ||   141
Block: Buckler           |    34 |    31 ||    65

Levels and vault maps discovered:
D:1:      onia_arrival_pentagram, layout_loops_corners, minmay_misc_feat_rugged,
          hangedman_decor_growths, minivault_11
D:2:      layout_loops_ring, serial_shops, shop, shop,
          chequers_serial_rivers_micro_d
D:3:      layout_rooms, serial_shops, nicolae_shop_advertising_works
          [nicolae_subvault_shop_adworks],
          hellmonk_ecumenical_altar_watching_god, serial_curves, eino_curves_01,
          eino_curves_03, minmay_misc_feat_room
D:4:      layout_loops_ring, nemelex_diamond_rough_becter,
          uniq_crazy_yiuf_cottage

Notes
Turn   | Place    | Note
-------+----------+-------------------------------------------
     0 | D:1      | zeratav the Hill Orc Fighter began the quest for the Orb.
     0 | D:1      | Reached XP level 1. HP: 19/19 MP: 1/1
     0 | D:1      | magus.rc [v1.9.6]
   305 | D:1      | Reached skill level 4 in Fighting
   319 | D:1      | Reached XP level 2. HP: 22/27 MP: 2/2
  1143 | D:2      | Reached XP level 3. HP: 35/35 MP: 3/3
  1153 | D:2      | Reached skill level 5 in Fighting
  1262 | D:2      | Found Vanguw's Antique Armour Emporium.
  1309 | D:2      | Bought a pair of glowing gloves for 142 gold pieces
  1332 | D:2      | Found Meabbaq's Assorted Antiques.
  1915 | D:3      | Noticed a black bear
  1997 | D:3      | Found Munoyn's General Store.
  2000 | D:3      | Noticed a scorpion
  2011 | D:3      | Killed a scorpion
  2012 | D:3      | Reached skill level 6 in Fighting
  2012 | D:3      | Reached XP level 4. HP: 26/45 MP: 4/4
  2017 | D:3      | HP: 8/45 [orc priest/divine providence (8)]
  2022 | D:3      | Reached skill level 7 in Fighting
  2022 | D:3      | Reached XP level 5. HP: 10/52 MP: 5/5
  2457 | D:3      | You pick up a book of Armaments and begin reading...
  2457 | D:3      | You add the spells Stone Arrow, Animate Armour and
                  | Lehudib's Crystal Spear to your library.
  2712 | D:3      | Found a faded altar of an unknown god.
  2713 | D:3      | Noticed a golden eye
  2715 | D:3      | Noticed a great orb of eyes
  2715 | D:3      | Noticed a shining eye
  2715 | D:3      | Noticed a great orb of eyes
  3348 | D:4      | Reached XP level 6. HP: 56/61 MP: 6/6
  3396 | D:4      | Reached skill level 8 in Fighting
  3396 | D:4      | Reached skill level 3 in Axes
  3400 | D:4      | Reached skill level 4 in Axes
  3437 | D:4      | Found a sparkling altar of Nemelex Xobeh.
  3579 | D:4      | HP: 15/61 [killer bee (6)]
  3580 | D:4      | Reached skill level 5 in Axes
  3583 | D:4      | HP: 3/61 [killer bee (5)]
  3587 | D:4      | Slain by a killer bee

Vanquished Creatures
  A phantom (D:4)
  2 scorpions
  2 killer bees (D:4)
  An orc priest (D:3)
  2 adders
  3 dart slugs
  6 orcs
  5 ball pythons
  5 bats
  2 endoplasms (D:3)
  6 giant cockroaches
  7 goblins
  5 hobgoblins
  3 quokkas
  2 frilled lizards
  6 kobolds
  4 rats
62 creatures vanquished.

Table legend:
 A = Non-vault XP
 B = Vault XP
 C = Vault XP percentage of total XP
 D = Non-vault monster count
 E = Vault monster count
 F = Vault count percentage of total count
                 A         B        C        D         E       F
            +---------+---------+-------+---------+---------+-------
      Total |     575 |       0 |   0.0 |      62 |       0 |   0.0
            +---------+---------+-------+---------+---------+-------
        D:1 |      31 |       0 |   0.0 |      17 |       0 |   0.0
        D:2 |      28 |       0 |   0.0 |      16 |       0 |   0.0
        D:3 |     164 |       0 |   0.0 |      13 |       0 |   0.0
        D:4 |     352 |       0 |   0.0 |      16 |       0 |   0.0
            +---------+---------+-------+---------+---------+-------

Illustrated notes

Table legend:
 A = Kills in this place as a percentage of kills in entire the game.
 B = Kills by you in this place as a percentage of kills by you in the entire game.
 C = Kills by friends in this place as a percentage of kills by friends in the entire game.
 D = Other kills in this place as a percentage of other kills in the entire game.
 E = Experience gained in this place as a percentage of experience gained in the entire game.
 F = Experience gained in this place divided by the number of levels of this place that you have seen.
                   A       B       C       D       E      F
               +-------+-------+-------+-------+-------+----------------------
         Total | 100.0 | 100.0 |   N/A |   N/A | 100.0 | 143.8
       Dungeon | 100.0 | 100.0 |   N/A |   N/A | 100.0 | 143.8
               +-------+-------+-------+-------+-------+----------------------

Table legend: (Time is in decaauts)
 A = Elapsed time spent in this place.
 B = Non-inter-level travel time spent in this place.
 C = Inter-level travel time spent in this place.
 D = Time resting spent in this place.
 E = Time spent auto-exploring this place.
 F = Levels seen in this place.
 G = Mean time per level.
                   A        B        C        D        E       F      G
               +--------+--------+--------+--------+--------+-----+--------+
         Total |   3672 |   3523 |    149 |    605 |   2345 |   4 |  918.0 |
       Dungeon |   3672 |   3523 |    149 |    605 |   2345 |   4 |  918.0 |
               +--------+--------+--------+--------+--------+-----+--------+

Top non-repeatable levels by time:
     D:1: 1158 daAuts
     D:3: 1155 daAuts
     D:2: 693 daAuts
     D:4: 664 daAuts
